 Dungeon Crawl Stone Soup version 0.31-a0-934-gf4fcaacff8 (webtiles) character file.

Game seed: 16452561766550875544

53 BinkBink the Shooter (level 3, -2/18 HPs)
             Began as a Spriggan Hunter on Oct 20, 2023.
             Killed from afar by Sigmund (11 damage)
             ... with a puff of flame
             ... on level 2 of the Dungeon.
             The game lasted 00:01:12 (961 turns).

BinkBink the Shooter (Spriggan Hunter)               Turns: 961, Time: 00:01:12

Health: -2/18      AC:  2    Str:  7    XL:     3   Next: 64%
Magic:  4/4        EV: 18    Int: 10    God:
Gold:   40         SH:  0    Dex: 20    Spells: 2/2 levels left

rFire   . . .        a - +0 shortbow
rCold   . . .        (shield currently unavailable)
rNeg    . . .        c - +0 robe
rPois   .            (helmet restricted)
rElec   .            (no cloak)
rCorr   .            (gloves unavailable)
SInv    +            (boots unavailable)
Will    .....        (no amulet)
Stlth   +++          (no ring)
HPRegen 0.23/turn    (no ring)
MPRegen 0.09/turn

%: no passive effects
@: very quick
A: very small, no large weapons, unfitting armour, see invisible, speed 3
a: no special abilities


You were on level 2 of the Dungeon.
You visited 1 branch of the dungeon, and saw 2 of its levels.

You collected 40 gold pieces.

Inventory:

Hand Weapons
 a - a +0 shortbow (weapon)
Armour
 c - a +0 robe (worn)
Wands
 i - a wand of quicksilver (12)
Scrolls
 b - a scroll of butterflies
 d - a scroll of blinking {unknown}
 e - a scroll of poison {unknown}
 g - 2 scrolls of identify {unknown}
 h - 3 scrolls of teleportation {unknown}
Potions
 f - 2 potions of degeneration {unknown}


   Skills:
 + Level 2.0 Fighting
 * Level 4.5 Ranged Weapons
 + Level 3.3 Dodging
 + Level 3.0 Stealth


You had 2 spell levels left.
You didn't know any spells.
Your spell library was empty.

Dungeon Overview and Level Annotations

Branches:
Dungeon (2/15)

Altars:

Annotations:
D:2 Sigmund


Innate Abilities, Weirdness & Mutations

You are very small and have problems with some larger weapons.
You are too small for most types of armour.
You have supernaturally acute eyesight. (SInv)
You cover ground extremely quickly. (Speed+++)


Message History

You shoot an arrow. The arrow hits the hobgoblin.
You kill the hobgoblin!
No target in view!
No target in view!
A quokka comes into view.
You shoot an arrow. The arrow hits the quokka.
The quokka is almost dead.
You shoot an arrow. The arrow hits the quokka!
You kill the quokka!
Your Stealth skill increases to level 3!
No target in view!
No target in view!
i - a wand of quicksilver (12) No target in view!
A rat comes into view.
You shoot an arrow. The arrow hits the rat.
You kill the rat!
No target in view!
No target in view!
You now have 40 gold pieces (gained 8).
Sigmund the Dreaded comes into view.
He is wielding a +0 scythe.
Found a stone staircase leading up.
You shoot an arrow. The arrow hits Sigmund!
Sigmund shouts!
Sigmund is moderately wounded.
No target in view!
No target in view!
You shoot an arrow. The arrow hits Sigmund.
Sigmund is heavily wounded.
A bat comes into view.
The bat moves out of view.
You shoot an arrow. The arrow completely misses Sigmund.
Sigmund casts a spell at you. The magic dart hits you!
Ouch! That really hurt!
Sigmund points at you and mumbles some strange words.
The puff of flame hits you!
Ouch! That really hurt!
You die...
Sigmund begins carving another notch in his scythe.

##<....#
#.##.....###
####.###
#..........#
# #>#
####.....#.#
####.#
##...##.#
.....#
#..###.#
..#### #.##
#.# .....
#.# #.# ..#
#.####.# .##
#@.....# ##
#..##### ##
#..# .# #..#
<# #.......#
.# #.#####<#
.# #@# .#
#.# .. ...


You could see Sigmund.

Vanquished Creatures
  A worm (D:2)
  6 bats
  An endoplasm (D:1)
  2 giant cockroaches
  2 goblins (D:1)
  4 hobgoblins
  12 jackals
  2 quokkas (D:2)
  6 ball pythons
  2 frilled lizards (D:1)
  A kobold (D:2)
  5 rats
44 creatures vanquished.

Notes
Turn   | Place    | Note
-------+----------+-------------------------------------------
     0 | D:1      | BinkBink the Spriggan Hunter began the quest for the Orb.
     0 | D:1      | Reached XP level 1. HP: 10/10 MP: 2/2
    86 | D:1      | Reached XP level 2. HP: 15/15 MP: 3/3
   442 | D:1      | Reached XP level 3. HP: 18/18 MP: 4/4
   955 | D:2      | Noticed Sigmund
   961 | D:2      | Killed from afar by Sigmund

Illustrated notes

Levels and vault maps discovered:
D:1:      dpeg_arrival_renting, layout_loops_ring
D:2:      layout_loops_ring, serial_park_tiny_pond, uniq_sigmund

Skill      XL: |  1  2  3 |
---------------+----------+-----
Stealth        | 2 3 |  3.0
Dodging        | 3 |  3.3
Fighting       | 2 |  2.0
Ranged Weapons | |  4.5

Action                     || total
---------------------------++-------
   Fire: Shortbow          ||   108
 Armour: Robe              ||    15
  Dodge: Dodged            ||    52

Table legend: (Time is in decaauts)
 A = Elapsed time spent in this place.
 B = Non-inter-level travel time spent in this place.
 C = Inter-level travel time spent in this place.
 D = Time resting spent in this place.
 E = Time spent auto-exploring this place.
 F = Levels seen in this place.
 G = Mean time per level.
                   A        B        C        D        E       F      G
               +--------+--------+--------+--------+--------+-----+--------+
         Total |    674 |    660 |     14 |      0 |    498 |   2 |  337.0 |
       Dungeon |    674 |    660 |     14 |      0 |    498 |   2 |  337.0 |
               +--------+--------+--------+--------+--------+-----+--------+

Top non-repeatable levels by time:
     D:1: 506 daAuts
     D:2: 168 daAuts
